 Dungeon Crawl Stone Soup version 0.29-a0-100-g60f898f876 (webtiles) character file.

Game seed: 13591024138023425881

228 drugrobin the Poker (level 5, -3/45 HPs)
             Began as a Demigod Warper on Feb 14, 2022.
             Slain by a scorpion (8 damage)
             ... on level 4 of the Dungeon.
             The game lasted 00:07:13 (2968 turns).

drugrobin the Poker (Demigod Warper)                Turns: 2968, Time: 00:07:14

Health: -3/45      AC:  6    Str: 16    XL:     5   Next: 42%
Magic:  10/10      EV: 11    Int: 15    God:
Gold:   153        SH:  3    Dex: 13    Spells: 2/7 levels left

rFire   . . .      SeeInvis .   a - +0 trident
rCold   . . .      Faith    .   w - +0 buckler
rNeg    . . .      Spirit   .   l - +0 leather armour
rPois   .          Reflect  .   n - +2 hat
rElec   .          Harm     .   (no cloak)
rCorr   .          Rampage  .   (no gloves)
Will    .....                   y - +0 pair of boots
Stlth   +.........              (no amulet)
HPRegen 0.15/turn               (no ring)
MPRegen 0.12/turn               (no ring)

@: no status effects
A: high MP 1, forlorn, divine attributes
a: no special abilities


You were on level 4 of the Dungeon.
You visited 1 branch of the dungeon, and saw 4 of its levels.

You collected 153 gold pieces.

Inventory:

Hand Weapons
 a - a +0 trident (weapon)
 b - a +0 hunting sling
 v - a +0 spear
Missiles
 d - 5 boomerangs of dispersal
 h - 13 poisoned darts (quivered)
 q - 3 javelins
 s - 4 boomerangs
 u - 9 sling bullets
Armour
 l - a +0 leather armour (worn)
 n - a +2 hat (worn)
 w - a +0 buckler (worn)
 y - a +0 pair of boots (worn)
Jewellery
 x - a ring of flight
Wands
 p - a wand of paralysis (7)
Scrolls
 c - a scroll of blinking
 f - a scroll of amnesia {unknown}
 i - a scroll of summoning {unknown}
 j - a scroll of immolation {unknown}
 m - 3 scrolls of identify {unknown}
 o - 2 scrolls of enchant weapon {unknown}
Potions
 e - 3 potions of heal wounds {unknown}
 g - 2 potions of might {unknown}
 k - 4 potions of curing {unknown}
 r - a potion of brilliance {unknown}
 t - a potion of mutation {unknown}


   Skills:
 + Level 3.2 Fighting
 * Level 4.8 Polearms
 - Level 0.8 Throwing
 - Level 0.8 Armour
 - Level 1.7 Dodging
 - Level 1.7 Spellcasting
 - Level 2.6 Translocations


You had 2 spell levels left.
You knew the following spells:

 Your Spells              Type           Power      Damage    Failure   Level
a - Blink                 Tloc           18%        N/A       19%         2
b - Teleport Other        Tloc           9%         N/A       36%         3

Your spell library contained the following spells:

 Spells                   Type           Power      Damage    Failure   Level
 Animate Skeleton         Necr           2%         N/A       36%         1
 Pain                     Necr           4%         1d4       36%         1
 Corpse Rot               Necr/Air       2%         N/A       50%         2
 Poisonous Vapours        Pois/Air       2%         N/A       50%         2
 Sublimation of Blood     Necr           1%         N/A       50%         2
 Wereblood                Tmut           1%         N/A       50%         2
 Gell's Gravitas          Tloc           9%         N/A       36%         3
 Lesser Beckoning         Tloc           9%         N/A       36%         3
 Frozen Ramparts          Ice            2%         1d2       75%         3
 Ignite Poison            Fire/Tmut/Pois 1%         N/A       75%         3
 Mephitic Cloud           Conj/Pois/Air  1%         N/A       75%         3
 Vampiric Draining        Necr           1%         2d6       75%         3
 Ice Form                 Ice/Tmut       1%         N/A       98%         4
 Summon Ice Beast         Ice/Summ       1%         N/A       98%         4
 Manifold Assault         Tloc           9%         N/A       98%         5
 Freezing Cloud           Conj/Ice/Air   0%         6-21      100%        5
 Summon Hydra             Summ           0%         N/A       100%        7


Dungeon Overview and Level Annotations

Branches:
Dungeon (4/15)
 Temple: D:4-7

Shops:
D:3 *


Innate Abilities, Weirdness & Mutations

You have an increased reservoir of magic. (+10% MP)
You shall have no god before yourself.
Your divine heritage dramatically boosts your attributes as you level up.


Message History

The scorpion stings you.
You are poisoned.
The scorpion poisons you!
You feel very sick.
You feel sick.
You feel sick.
The scorpion looks more healthy.
Okay, then.
Throw: 16 darts (poison)
Press: ? - help, Q - select action, (/) - cycle Shift-Dir - straight line, f/p - scorpion
Aim: a scorpion (heavily wounded, 57% to hit)
You throw a poisoned dart.
The poisoned dart barely misses the scorpion.
You feel sick. You block the scorpion's attack.
The scorpion stings you but does no damage.
Unknown command.
Unknown command.
You feel sick.
Throw: 15 darts (poison)
Press: ? - help, Q - select action, (/) - cycle Shift-Dir - straight line, f/p - scorpion
Aim: a scorpion (heavily wounded, 57% to hit)
You throw a poisoned dart.
The poisoned dart barely misses the scorpion.
You feel sick. The scorpion stings you.
* * * LOW HITPOINT WARNING * * *
Unknown command.
Unknown command.
Throw: 14 darts (poison)
Press: ? - help, Q - select action, (/) - cycle Shift-Dir - straight line, f/p - scorpion
Aim: a scorpion (heavily wounded, 57% to hit)
You throw a poisoned dart. The poisoned dart hits the scorpion.
The scorpion is poisoned.
The scorpion is heavily wounded.
You feel sick. The scorpion stings you.
* * * LOW HITPOINT WARNING * * *
Unknown command.
Unknown command.
You feel sick.
You are no longer poisoned.
The scorpion stings you!
You die...

...................".....##o#
#.......###..........#...#.#
#.......# ###.##.####..##K#
##.......#####....# #...#.#
...............######g##(# .
###.......#####)# #.o#)#...#
..........#####.# #..###..##
............#...#####....!....
#.......#....@so.g(.........#
#.....<.#..############.....#
#.....)...## .....#
######.#>## ....# #...# ###
#####


You could see a scorpion (poisoned), an orc and a goblin.

Vanquished Creatures
  A bullfrog (D:4)
  Terence (D:2)
  2 orc wizards (D:3)
  An adder (D:2)
  2 worms
  11 orcs (D:3)
  2 ball pythons
  5 bats
  6 endoplasms
  6 giant cockroaches
  A goblin (D:3)
  7 hobgoblins
  6 frilled lizards
  11 kobolds
  4 rats (D:1)
66 creatures vanquished.

Notes
Turn   | Place    | Note
-------+----------+-------------------------------------------
     0 | D:1      | drugrobin the Demigod Warper began the quest for the Orb.
     0 | D:1      | Reached XP level 1. HP: 17/17 MP: 5/5
   112 | D:1      | Reached skill level 2 in Polearms
   484 | D:1      | Reached XP level 2. HP: 24/24 MP: 7/7
   957 | D:2      | Reached skill level 3 in Polearms
  1037 | D:2      | Reached XP level 3. HP: 19/29 MP: 8/8
  1164 | D:2      | Learned a level 2 spell: Blink
  1168 | D:2      | Learned a level 3 spell: Teleport Other
  1350 | D:2      | Noticed Terence
  1368 | D:2      | Killed Terence
  2011 | D:3      | Found Zeacos's General Store.
  2055 | D:3      | Reached XP level 4. HP: 37/37 MP: 9/9
  2078 | D:3      | Reached skill level 4 in Polearms
  2786 | D:3      | Reached XP level 5. HP: 44/44 MP: 10/10
  2968 | D:4      | Slain by a scorpion

Illustrated notes

Levels and vault maps discovered:
D:1:      minmay_arrival_open_corners, layout_loops_cross
D:2:      layout_rooms, basic_altar, kennysheep_generic_room_12, uniq_terence
D:3:      layout_basic, serial_shops, shop, chequers_ecumenical_altar_grove
D:4:      minmay_recursive_quarters, layout_rooms, minmay_vboxes

Skill      XL: |  1  2  3  4  5 |
---------------+----------------+-----
Polearms       | 2 3 4 |  4.8
Fighting       | 2 3 |  3.2
Throwing       | |  0.8
Armour         | |  0.8
Dodging        | |  1.7
Spellcasting   | |  1.7
Translocations | |  2.6

Action                   |  1- 3 |  4- 6 || total
-------------------------+-------+-------++-------
Melee: Spear             |   157 |    48 ||   205
       Punch             |     1 |     1 ||     2
       Trident           |       |    11 ||    11
 Fire: Hunting sling     |    15 |    22 ||    37
Throw: Dart              |     6 |     7 ||    13
Armor: Leather armour    |    47 |    13 ||    60
Dodge: Dodged            |    51 |    23 ||    74
Block: Buckler           |       |     1 ||     1

Table legend: (Time is in decaauts)
 A = Elapsed time spent in this place.
 B = Non-inter-level travel time spent in this place.
 C = Inter-level travel time spent in this place.
 D = Time resting spent in this place.
 E = Time spent auto-exploring this place.
 F = Levels seen in this place.
 G = Mean time per level.
                   A        B        C        D        E       F      G
               +--------+--------+--------+--------+--------+-----+--------+
         Total |   2953 |   2883 |     70 |    334 |   1869 |   4 |  738.2 |
       Dungeon |   2953 |   2883 |     70 |    334 |   1869 |   4 |  738.2 |
               +--------+--------+--------+--------+--------+-----+--------+

Top non-repeatable levels by time:
     D:2: 1012 daAuts
     D:3: 976 daAuts
     D:1: 887 daAuts
     D:4: 77 daAuts
